 Dungeon Crawl Stone Soup version 0.19.1 (webtiles) character file.

13636 Paner the Cleaver (level 11, -3/97 HPs)
             Began as a Minotaur Berserker on Dec 27, 2016.
             Was a High Priest of Trog.
             Slain by a naga warrior
             ... wielding a +0 halberd
              (13 damage)
             ... on level 1 of the Snake Pit.
             The game lasted 01:58:44 (14408 turns).

Paner the Cleaver (Minotaur Berserker)             Turns: 14408, Time: 01:58:45

Health: -3/97      AC: 15    Str: 25    XL:     11   Next: 78%
Magic:  10/10      EV:  7    Int:  6    God:    Trog [*****.]
Gold:   218        SH:  5    Dex: 14    Spells: 0 memorised, 10 levels left

rFire  . . .     SeeInvis .     G - +7 executioner's axe (elec)
rCold  . . .     Gourm    .     f - +0 plate armour {MR+}
rNeg   . . .     Faith    .     (shield currently unavailable)
rPois  +         Spirit   .     (helmet restricted)
rElec  +         Reflect  +     (no cloak)
rCorr  .         Harm     .     (no gloves)
MR     ++++.     NoTele   +     (no boots)
Stlth  ..........               p - +5 amulet of reflection
                                o - +4 ring of dexterity
                                N - ring "Fatedghae" {-Tele rElec rPois MR+}

@: very slightly contaminated, regenerating, constricted
A: retaliatory headbutt, horns 2, clever 1, slow regeneration 1
a: Berserk, Trog's Hand, Brothers in Arms, Burn Spellbooks, Renounce Religion


You were on level 1 of the Snake Pit.
You worshipped Trog.
Trog was extremely pleased with you.
You were not hungry.

You visited 3 branches of the dungeon, and saw 12 of its levels.
You also visited: Sewer.

You collected 669 gold pieces.
You spent 451 gold pieces at shops.

Inventory:

Hand Weapons
 d - a +0 war axe
 G - a +7 executioner's axe of electrocution (weapon)
Missiles
 b - 53 poisoned needles
 g - 14 javelins (quivered)
 m - 81 sling bullets
 r - 3 tomahawks of returning
 J - 6 curare-tipped needles
 M - 4 silver javelins
Armour
 f - a +0 plate armour of magic resistance (worn)
Jewellery
 o - a +4 ring of dexterity (right hand)
 p - a +5 amulet of reflection (around neck)
 t - a +4 ring of evasion
 L - an uncursed ring of protection from fire
 N - the ring "Fatedghae" (left hand) {-Tele rElec rPois MR+}
   (You bought it in a shop on level 9 of the Dungeon)

   [ring of protection from magic]

   It insulates you from electricity.
   It protects you from poison.
   It affects your resistance to hostile enchantments.
   It prevents most forms of teleportation.
Scrolls
 a - a scroll of remove curse
 j - 2 scrolls of noise
 q - 3 scrolls of recharging
 v - 2 scrolls of identify
 w - a scroll of blinking
 C - a scroll of random uselessness
 E - 3 scrolls of fog
 O - a scroll of torment
 P - a scroll of teleportation
Potions
 l - a potion of haste
 s - 2 potions of lignification
 u - a potion of ambrosia
 x - 3 potions of cancellation
 z - 2 potions of agility
 A - a potion of might
 B - a potion of magic
 F - 4 potions of degeneration
Comestibles
 c - 9 bread rations
 h - a slice of pizza
 k - 2 meat rations


   Skills:
 + Level 9.4 Fighting
 + Level 14.6 Axes
 + Level 7.3 Throwing
 + Level 11.4 Armour
 + Level 4.3 Dodging
 + Level 1.2 Stealth


You had 10 spell levels left.
You didn't know any spells.

Dungeon Overview and Level Annotations

Branches:
Dungeon (9/15)             Temple (0/1) D:6            Lair (2/6) D:9
  Swamp (0/4) Lair:2        Snake (1/4) Lair:2
    Orc: D:9-12

Altars:
Okawaru
Xom
Zin
The Shining One

Shops:
D:7 *   D:9 (=


Innate Abilities, Weirdness & Mutations

You reflexively headbutt those who attack you in melee.
You have a pair of horns on your head.
Your mind is acute. (Int +2)
You regenerate slowly when monsters are visible.


Message History

The naga warrior hits you with a halberd!!
* * * LOW HITPOINT WARNING * * *
The naga warrior grabs you.
* * * LOW HITPOINT WARNING * * *
The naga warrior constricts you.
The naga warrior's grasp on you weakens, but your attempt to escape fails.
The naga warrior barely misses you.
* * * LOW HITPOINT WARNING * * *
The naga warrior constricts you.
You hit the naga warrior.
The naga warrior is heavily wounded.
The naga warrior spits poison at you. The splash of poison hits you!
You resist.
* * * LOW HITPOINT WARNING * * *
x2 The naga warrior constricts you.
Your skin crawls.
You feel resistant to hostile enchantments.
You feel somewhat more hungry.
The naga warrior hits you with a halberd!
You die...

..# .. #####..## ..
########........### .#
#.#.#.#.#.#.#.#.#.##
..(......>...........#
##.#.#.#.#.#.#.#.#.#.##
####(.......N............#
....#.#(#.#@#.#.#.#.#.#.####
......((..####..............
######.)######...........%..
#..(.(....#N.(......####.
#....N...().((.....## #.
#..../............## ##
#........).####..##
#...(......# #..# #####
............# ##..####(.((


You could see a naga warrior.

Vanquished Creatures
  A hydra (Lair:1)
  2 naga sharpshooters (Snake:1)
  An ugly thing (D:9)
  5 black mambas
  2 komodo dragons (Lair:1)
  4 spiny frogs
  A troll (D:9)
  4 blink frogs (Lair:1)
  3 hippogriffs
  A vampire (D:9)
  Eustachio (D:5)
  5 vampire mosquitoes (Lair:2)
  2 wargs (D:9)
  3 water moccasins (Lair:2)
  4 nagas (Snake:1)
  2 orc warriors
  2 porcupines
  Purgy (Sewer)
  2 sky beasts
  2 phantoms
  A black bear (Lair:2)
  An ice beast (D:6)
  2 ogres
  A necrophage (D:9)
  A centaur (D:8)
  12 wolves
  A crocodile (Lair:2)
  A big kobold (D:9)
  8 bullfrogs
  A wyvern skeleton (D:9)
  5 scorpions
  5 wights (D:7)
  5 crimson imps
  3 quasits
  A bullfrog zombie (D:6)
  A jelly (D:8)
  8 orc wizards
  2 bullfrog skeletons
  5 orc priests
  6 hounds
  3 iguanas
  3 worker ants
  A hound skeleton (D:7)
  10 adders
  2 shadow imps
  2 oozes (D:3)
  An adder zombie (D:6)
  3 worms
  4 dart slugs
  3 leopard geckos
  29 orcs
  A ball python (D:2)
  4 giant cockroaches
  4 goblins
  7 hobgoblins
  12 jackals
  4 quokkas
  10 bats
  2 frilled lizards
  A giant cockroach zombie (D:5)
  A jackal zombie (D:7)
  10 kobolds
  11 rats
  4 bushes
  20 fungi
  27 plants
297 creatures vanquished.

Vanquished Creatures (others)
  3 plants
3 creatures vanquished.

Grand Total: 300 creatures vanquished

Notes
Turn   | Place    | Note
-------+----------+-------------------------------------------
     0 | D:1      | Paner the Minotaur Berserker began the quest for the Orb.
     0 | D:1      | Reached XP level 1. HP: 19/19 MP: 0/0
   498 | D:1      | Reached XP level 2. HP: 25/27 MP: 1/1
   715 | D:1      | Reached skill level 4 in Axes
  1175 | D:2      | Reached XP level 3. HP: 23/33 MP: 2/2
  1367 | D:2      | Reached ** piety under Trog
  2085 | D:2      | Reached XP level 4. HP: 41/41 MP: 3/3
  2113 | D:2      | Found a faded altar of an unknown god.
  2323 | D:3      | Reached skill level 1 in Throwing
  2503 | D:3      | Found a glowing drain.
  2507 | Sewer    | Entered a sewer
  2668 | Sewer    | Noticed Purgy
  2676 | Sewer    | Killed Purgy
  2676 | Sewer    | Reached skill level 5 in Axes
  2676 | Sewer    | Reached XP level 5. HP: 42/47 MP: 4/4
  3184 | D:3      | Reached *** piety under Trog
  3475 | D:4      | Reached XP level 6. HP: 47/53 MP: 5/5
  3769 | D:4      | Found a shimmering altar of Xom.
  3839 | D:4      | Reached skill level 6 in Axes
  4640 | D:5      | Entered Level 5 of the Dungeon
  4787 | D:5      | Reached skill level 5 in Armour
  4819 | D:5      | Reached XP level 7. HP: 57/60 MP: 6/6
  4821 | D:5      | Reached skill level 5 in Fighting
  5052 | D:5      | Noticed Eustachio
  5061 | D:5      | Reached skill level 7 in Axes
  5071 | D:5      | Killed Eustachio
  5397 | D:5      | Reached XP level 8. HP: 68/68 MP: 7/7
  5748 | D:6      | Reached **** piety under Trog
  5955 | D:6      | Reached skill level 8 in Axes
  6054 | D:6      | Found a staircase to the Ecumenical Temple.
  6336 | D:7      | Gained mutation: You regenerate slowly when monsters are visible. [mutagenic meat]
  6337 | D:7      | Gained mutation: You are weak. (Str -2) [mutagenic meat]
  6368 | D:7      | Found an iron altar of Okawaru.
  6528 | D:7      | Identified a scroll of acquirement
  6888 | D:7      | Reached skill level 9 in Axes
  6888 | D:7      | Reached skill level 1 in Stealth
  6893 | D:7      | Received a gift from Trog
  7334 | D:7      | Reached XP level 9. HP: 77/77 MP: 8/8
  7347 | D:7      | Found Qarr's General Store.
  7581 | D:8      | HP: 1/78 [orc warrior/war axe (11)]
  7987 | D:8      | Found a glowing silver altar of Zin.
  7987 | D:8      | Found a glowing golden altar of the Shining One.
  8038 | D:8      | Reached skill level 10 in Axes
  9220 | D:9      | Noticed a troll
  9227 | D:9      | Killed a troll
  9396 | D:9      | Found Susmy's Weapon Shop.
  9408 | D:9      | Noticed a purple ugly thing
  9417 | D:9      | Killed a purple ugly thing
  9417 | D:9      | Reached skill level 11 in Axes
  9417 | D:9      | Reached skill level 5 in Throwing
  9773 | D:9      | Reached XP level 10. HP: 76/86 MP: 9/9
  9775 | D:9      | Received a gift from Trog
  9783 | D:9      | Found a staircase to the Lair.
 10105 | D:9      | Found Caschoj's Jewellery Emporium.
 10108 | D:9      | Bought the ring "Fatedghae" {-Tele rElec rPois MR+} for 451 gold pieces
 10312 | Lair:1   | Entered Level 1 of the Lair of Beasts
 10576 | Lair:1   | Noticed a six-headed hydra
 10583 | Lair:1   | Killed a nine-headed hydra
 10583 | Lair:1   | Reached ***** piety under Trog
 10583 | Lair:1   | Reached skill level 12 in Axes
 10925 | Lair:1   | Reached skill level 10 in Armour
 11228 | Lair:1   | Noticed a black mamba
 11235 | Lair:1   | Killed a black mamba
 11488 | Lair:1   | Received a gift from Trog
 11638 | Lair:1   | Reached skill level 13 in Axes
 11640 | Lair:1   | Noticed a spiny frog
 11647 | Lair:1   | Killed a spiny frog
 11647 | Lair:1   | Reached XP level 11. HP: 91/95 MP: 10/10
 12654 | Lair:2   | Found a staircase to the Snake Pit.
 12708 | Lair:2   | Found a staircase to the Swamp.
 13069 | Lair:2   | Gained mutation: Armour fits poorly on your strangely shaped body. [potion of mutation]
 13069 | Lair:2   | Gained mutation: Your mind is acute. (Int +2) [potion of mutation]
 13070 | Lair:2   | Gained mutation: You can translocate small distances at will. [potion of mutation]
 13070 | Lair:2   | Gained mutation: Your magical capacity is low. (-10% MP) [potion of mutation]
 13070 | Lair:2   | Lost mutation: You are weak. (Str -2) [potion of mutation]
 13071 | Lair:2   | Lost mutation: Your magical capacity is low. (-10% MP) [potion of cure mutation]
 13071 | Lair:2   | Lost mutation: You can translocate small distances at will. [potion of cure mutation]
 13071 | Lair:2   | Lost mutation: Armour fits poorly on your strangely shaped body. [potion of cure mutation]
 13836 | Snake:1  | Entered Level 1 of the Snake Pit
 13842 | Snake:1  | Noticed a naga sharpshooter
 13876 | Snake:1  | Killed a naga sharpshooter
 13876 | Snake:1  | Reached skill level 14 in Axes
 14085 | Snake:1  | Received a gift from Trog
 14270 | Snake:1  | Noticed a naga sharpshooter
 14284 | Snake:1  | HP: 2/97 [naga sharpshooter/bolt (20)]
 14291 | Snake:1  | HP: 3/97 [naga sharpshooter/bolt (7)]
 14314 | Snake:1  | Killed a naga sharpshooter
 14367 | Snake:1  | Noticed a naga warrior
 14408 | Snake:1  | Slain by a naga warrior

Skill      XL: |  1  2  3  4  5  6  7  8  9 10 11 |
---------------+----------------------------------+-----
Axes           | 4 5 6 7 9 11 13 14 | 14.6
Fighting       | 4 5 6 7 8 9 |  9.4
Throwing       | 1 2 3 5 6 7 |  7.3
Armour         | 3 4 5 6 7 9 10 11 | 11.4
Dodging        | 3 4 |  4.3
Stealth        | 1 |  1.2

Action                   |  1- 3 |  4- 6 |  7- 9 | 10-12 || total
-------------------------+-------+-------+-------+-------++-------
Melee: Hand axe          |    68 |    54 |       |       ||   122
       Headbutt          |    11 |    17 |    47 |    90 ||   165
       Dagger            |     4 |       |       |       ||     4
       War axe           |       |    61 |   110 |       ||   171
       Executioner's axe |       |       |   105 |   318 ||   423
Throw: Javelin           |    26 |    20 |    19 |     7 ||    72
       Stone             |       |       |     1 |       ||     1
       Tomahawk          |       |       |    53 |    58 ||   111
Invok: Berserk           |     1 |     2 |     1 |       ||     4
       Trog's Hand       |       |       |     1 |     2 ||     3
       Burn Spellbooks   |       |       |       |     2 ||     2
  Use: Scroll            |     3 |     9 |     2 |    16 ||    30
       Potion            |     3 |     1 |     1 |    13 ||    18
  Eat: Chunk             |     1 |       |     3 |     4 ||     8
       Meat ration       |     1 |     1 |     2 |     3 ||     7
       Bread ration      |     1 |       |       |       ||     1
       Beef jerky        |       |       |     3 |       ||     3
Armor: Animal skin       |     9 |       |       |       ||     9
       Ring mail         |    19 |    17 |       |       ||    36
       Plate armour      |       |    72 |   133 |   122 ||   327
Dodge: Dodged            |    51 |    83 |    90 |   114 ||   338
Block: Other             |       |       |    12 |    57 ||    69
       Reflection        |       |       |     2 |     3 ||     5
